 Dungeon Crawl Stone Soup version 0.28.0-45-g0d030f2227 (webtiles) character file.

Game seed: 4166741902445613871

116 raph the Chopper (level 4, -2/39 HPs)
             Began as a Minotaur Fighter on Apr 9, 2022.
             Slain by Pikel
             ... wielding a +0 whip of electrocution
              (10 damage)
             ... on level 4 of the Dungeon.
             The game lasted 00:03:30 (2754 turns).

raph the Chopper (Minotaur Fighter)                 Turns: 2754, Time: 00:03:30

Health: -2/39      AC:  8    Str: 21    XL:     4   Next: 70%
Magic:  3/3        EV:  9    Int:  5    God:
Gold:   162        SH:  4    Dex: 11    Spells: 3/3 levels left

rFire   . . .      SeeInvis .   a - +1 war axe
rCold   . . .      Faith    .   c - +0 buckler
rNeg    . . .      Spirit   .   j - +0 scale mail
rPois   .          Reflect  .   (helmet restricted)
rElec   .          Harm     .   (no cloak)
rCorr   .          Rampage  .   f - +0 pair of gloves
Will    .....                   (no boots)
Stlth   ..........              (no amulet)
HPRegen 0.13/turn               (no ring)
MPRegen 0.08/turn               (no ring)

@: mighty
A: horns 2, retaliatory headbutt
a: no special abilities


You were on level 4 of the Dungeon.
You visited 1 branch of the dungeon, and saw 4 of its levels.

You collected 162 gold pieces.

Inventory:

Hand Weapons
 a - a +1 war axe (weapon)
 b - a +0 hunting sling
Missiles
 k - 111 stones (quivered)
 q - 11 sling bullets
Armour
 c - a +0 buckler (worn)
 f - a +0 pair of gloves (worn)
 j - a +0 scale mail (worn)
Jewellery
 s - a ring of fire
Scrolls
 g - a scroll of immolation
 h - a scroll of summoning {unknown}
 l - 2 scrolls of enchant weapon
 n - a scroll of fog {unknown}
 o - a scroll of identify
 u - a scroll of brand weapon {unknown}
Potions
 e - 2 potions of attraction
 i - a potion of invisibility {unknown}
 m - a potion of curing {unknown}
 p - a potion of haste {unknown}
 r - a potion of heal wounds {unknown}
 t - a potion of lignification {unknown}


   Skills:
 - Level 3.6 Fighting
 + Level 6.0 Axes
 - Level 3.6 Armour
 - Level 3.6 Shields


You had 3 spell levels left.
You didn't know any spells.
Your spell library contained the following spells:

 Spells                   Type           Power      Damage    Failure   Level
 Magic Dart               Conj           0%         1d3       88%         1
 Call Imp                 Summ           0%         N/A       96%         2
 Corpse Rot               Necr/Air       0%         N/A       96%         2
 Poisonous Vapours        Pois/Air       0%         N/A       96%         2
 Mephitic Cloud           Conj/Pois/Air  0%         N/A       99%         3


Dungeon Overview and Level Annotations

Branches:
Dungeon (4/15)
 Temple: D:4-7

Altars:

Shops:
D:1 =   D:4 [

Annotations:
D:4 Pikel


Innate Abilities, Weirdness & Mutations

You have a pair of horns on your head.
You reflexively headbutt those who attack you in melee.


Message History

You now have 162 gold pieces (gained 16).
A lemure comes into view.
A lemure is nearby!
A lemure is nearby!
Pikel shouts!
You hear a shout! x3
You feel very mighty all of a sudden.
The lemure shouts!
You closely miss Pikel. You headbutt Pikel.
Pikel is lightly wounded.
Pikel closely misses you. Pikel hits you but does no damage.
You slash Pikel! Your headbutt misses Pikel.
Pikel is heavily wounded.
You closely miss the lemure.
Pikel hits you with a +0 whip of electrocution!
You block the lemure's attack.
You closely miss Pikel.
Pikel is heavily wounded.
You closely miss the lemure.
Pikel hits you with a +0 whip of electrocution.
You are electrocuted!
The lemure hits you but does no damage.
You barely miss Pikel. Your headbutt misses Pikel.
Pikel is heavily wounded.
You hit the lemure. Pikel completely misses you. The lemure hits you.
You closely miss Pikel.
Pikel is heavily wounded.
You miss the lemure. You slash the lemure!
Pikel hits you with a +0 whip of electrocution.
The lemure hits you but does no damage. The lemure hits you.
* * * LOW HITPOINT WARNING * * *
The lemure hits you but does no damage.
Pikel hits you with a +0 whip of electrocution.
* * * LOW HITPOINT WARNING * * *
You hit Pikel.
Pikel is heavily wounded.
You hit the lemure. You slash the lemure! You closely miss the lemure.
The lemure closely misses you. You furiously retaliate!
You headbutt the lemure. The lemure completely misses you.
You block the lemure's attack.
Pikel hits you with a +0 whip of electrocution!
You die...

### ###..#......... 5.5
....#......... #K# ##
#...#(........ #5# ..
#...#5.......$
#.#.####.#...#.........
#<.......#...#.........
##########..5#......(.(
......5K5...#.#####
#######@5####.#
..............#
########..#####
#......# ##.....#
#.....# #.....# #...###
###..########


You could see Pikel and 4 lemures.

Vanquished Creatures
  A hound (D:4)
  2 adders
  4 dart slugs
  4 orcs (D:4)
  5 ball pythons
  4 bats
  7 endoplasms
  A giant cockroach (D:2)
  5 goblins
  9 hobgoblins
  3 kobolds
  2 quokkas
  2 rats (D:1)
49 creatures vanquished.

Notes
Turn   | Place    | Note
-------+----------+-------------------------------------------
     0 | D:1      | raph the Minotaur Fighter began the quest for the Orb.
     0 | D:1      | Reached XP level 1. HP: 19/19 MP: 0/0
    73 | D:1      | Reached skill level 3 in Axes
    91 | D:1      | Reached XP level 2. HP: 18/26 MP: 1/1
   210 | D:1      | Found a faded altar of an unknown god.
   244 | D:1      | Found Meluduob's Jewellery Emporium.
   398 | D:1      | Reached skill level 4 in Axes
  1175 | D:2      | Reached XP level 3. HP: 28/31 MP: 2/2
  1767 | D:3      | Reached skill level 5 in Axes
  2007 | D:3      | Identified the +6 dagger "Tizi" {vamp, rF+ rC+ rCorr}
  2453 | D:4      | Noticed Pikel
  2453 | D:4      | Noticed a lemure
  2454 | D:4      | Noticed a lemure
  2454 | D:4      | Noticed a lemure
  2533 | D:4      | Reached XP level 4. HP: 38/39 MP: 3/3
  2572 | D:4      | Found Umi Duke's Armour Boutique.
  2598 | D:4      | Reached skill level 6 in Axes
  2741 | D:4      | Noticed a lemure
  2754 | D:4      | Slain by Pikel

Illustrated notes

Levels and vault maps discovered:
D:1:      giann_wishing_wells, layout_basic, shapermc_ecumenical_altar_venn,
          serial_shops, nicolae_diamond_shop, chequers_mini_garden
D:2:      layout_basic
D:3:      layout_basic, st_stairs_4
D:4:      layout_basic, minmay_temple_entry_hall, serial_shops, shop_statue,
          uniq_menkaure, uniq_pikel

Skill      XL: |  1  2  3  4 |
---------------+-------------+-----
Axes           | 3 4 5 6 |  6.0
Fighting       | |  3.6
Armour         | |  3.6
Shields        | |  3.6

Action                   |  1- 3 |  4- 6 || total
-------------------------+-------+-------++-------
Melee: War axe           |    84 |    22 ||   106
       Headbutt          |     8 |     4 ||    12
 Fire: Hunting sling     |       |     3 ||     3
  Use: Scroll            |     4 |       ||     4
       Potion            |       |     1 ||     1
Armor: Scale mail        |    43 |    11 ||    54
Dodge: Dodged            |    49 |     7 ||    56
Block: Buckler           |     6 |     6 ||    12
